 Dungeon Crawl Stone Soup version 0.31-a0-237-g2d982f9f85 (webtiles) character file.

Game seed: 10641625899004240571

361 qw the Trooper (level 6, -10/56 HPs)
             Began as a Minotaur Hexslinger on July 10, 2023.
             Mangled by Edmund
             ... wielding a +1 heavy flail
              (13 damage)
             ... on level 4 of the Dungeon.
             The game lasted 00:00:57 (3302 turns).

qw the Trooper (Minotaur Hexslinger)                Turns: 3302, Time: 00:00:58

Health: -10/56     AC: 10    Str: 13    XL:     6   Next: 38%
Magic:  6/6        EV: 11    Int: 10    God:
Gold:   236        SH:  0    Dex: 14    Spells: 6/7 levels left

rFire   . . .        Y - +3 sling (freeze)
rCold   . . .        (no shield)
rNeg    . . .        b - +0 ring mail
rPois   .            (helmet restricted)
rElec   .            h - +2 cloak
rCorr   .            g - +1 pair of gloves
SInv    .            (no boots)
Will    .....        (no amulet)
Stlth   +            (no ring)
HPRegen 0.29/turn    (no ring)
MPRegen 0.10/turn

%: no passive effects
@: no status effects
A: horns 2, retaliatory headbutt
a: no special abilities


You were on level 4 of the Dungeon.
You visited 1 branch of the dungeon, and saw 4 of its levels.

You collected 236 gold pieces.


Innate Abilities, Weirdness & Mutations

You have a pair of horns on your head.
You reflexively headbutt those who attack you in melee.


   Skills:
 - Level 5.3 Fighting
 + Level 5.3 Ranged Weapons
 - Level 2.1 Armour
 - Level 2.1 Dodging
 - Level 1.0 Spellcasting
 - Level 2.0 Hexes


You had 6 spell levels left.
You knew the following spells:

 Your Spells              Type           Power      Damage    Failure   Level
a - Slow                  Hex            16%        N/A       32%         1

Your spell library contained the following spells:

 Spells                   Type           Power      Damage    Failure   Level
 Inner Flame              Hex/Fire       2%         N/A       82%         3
 Portal Projectile        Hex/Tloc       4%         N/A       82%         3
 Cause Fear               Hex            2%         N/A       97%         4

Inventory:

Hand Weapons
 Y - a +3 sling of freezing (weapon)
Armour
 b - a +0 ring mail (worn)
 g - a +1 pair of gloves (worn)
 h - a +2 cloak (worn)
Wands
 f - a wand of digging (5)
Scrolls
 a - 2 scrolls of identify
 j - a scroll of summoning {unknown}
Potions
 c - a potion of haste
 d - a potion of might
 i - a potion of magic {unknown}

Dungeon Overview and Level Annotations

Branches:
Dungeon (4/15)
 Temple: D:4-7

Altars:
Sif Muna

Annotations:
D:4 Edmund


Message History

Edmund hits you with a +1 heavy flail.
You shoot a sling bullet. The sling bullet hits Edmund.
The sling bullet freezes Edmund.
Edmund is moderately wounded.
Edmund barely misses you.
You shoot a sling bullet. The sling bullet hits Edmund.
Edmund is moderately wounded.
Edmund hits you with a +1 heavy flail!
You shoot a sling bullet. The sling bullet closely misses Edmund.
Edmund hits you with a +1 heavy flail!
3284 ||| READING scroll of teleportation.
As you read the scroll of teleportation, it crumbles to dust.
You feel strangely unstable.
You shoot a sling bullet. The sling bullet closely misses Edmund.
Edmund hits you with a +1 heavy flail!
You shoot a sling bullet. The sling bullet barely misses Edmund.
Your surroundings suddenly seem different.
You start resting.
Edmund is nearby!
You shoot a sling bullet.
The sling bullet hits Edmund but does no damage.
Edmund is moderately wounded.
You shoot a sling bullet.
The sling bullet hits Edmund but does no damage.
Edmund is moderately wounded.
You shoot a sling bullet.
The sling bullet hits Edmund but does no damage.
Edmund is moderately wounded.
You shoot a sling bullet.
The sling bullet hits Edmund but does no damage.
Edmund is moderately wounded.
Edmund hits you but does no damage.
You shoot a sling bullet. The sling bullet hits Edmund.
Edmund is moderately wounded.
Edmund hits you with a +1 heavy flail!
You shoot a sling bullet.
The sling bullet hits Edmund but does no damage.
Edmund is moderately wounded.
Edmund hits you with a +1 heavy flail!
You die...

.# #.#).###........@......
.#######.#..........#########.
.........#.###.....##
####...<##.###.##..#
#.....#.........#
##...#########.## ##.## ##'##
#.# ##@..## #.## ##.@...##
#..## ##.......#
##...####.........#
#.......'.........+
##...####.........# #..##
##.......## #.## ##.....## #.#
##...## #.# #+##


You could see Edmund.

Vanquished Creatures
  Sigmund (D:4)
  Natasha (D:4)
  An orc wizard (D:3)
  4 gnolls (D:3)
  4 adders (D:2)
  A dart slug (D:4)
  4 orcs (D:3)
  3 bats
  4 endoplasms
  2 giant cockroaches (D:1)
  6 goblins
  7 hobgoblins
  7 jackals (D:1)
  4 kobolds
  4 quokkas
  5 ball pythons
  3 frilled lizards
  4 rats
65 creatures vanquished.

Notes
Turn   | Place    | Note
-------+----------+-------------------------------------------
     0 | D:1      | qw the Minotaur Hexslinger began the quest for the Orb.
     0 | D:1      | Reached XP level 1. HP: 16/16 MP: 1/1
     0 | D:1      | 0 ||| qw: Version: 0.3-a-52-g30416fa
     0 | D:1      | 0 ||| qw: Game counter: 5137
     0 | D:1      | 0 ||| qw: Melee chars always use a shield: true
     0 | D:1      | 0 ||| qw: God list: Okawaru
     0 | D:1      | 0 ||| qw: Allow faded altars: false
     0 | D:1      | 0 ||| qw: Do Orc after clearing Dungeon:15 true
     0 | D:1      | 0 ||| qw: Do second Lair branch before Depths: true
     0 | D:1      | 0 ||| qw: Lair rune preference: random
     0 | D:1      | 0 ||| qw: Goals: Normal
     0 | D:1      | 0 ||| PLANNING D:1-11
   147 | D:1      | Reached skill level 3 in Ranged Weapons
   147 | D:1      | Reached XP level 2. HP: 23/23 MP: 2/2
   253 | D:1      | Found a faded altar of an unknown god.
   541 | D:1      | Reached XP level 3. HP: 29/29 MP: 3/3
   975 | D:1      | 975 ||| READING 2 scrolls labelled GOPSOUTE ROHI.
   978 | D:1      | 978 ||| READING scroll labelled QEBLYE AT POWI.
  1001 | D:1      | 1001 ||| READING scroll labelled HEITOI QOTIO.
  1002 | D:1      | 1002 ||| READING scroll labelled AJIVOH FOFUZYMENG.
  1003 | D:1      | 1003 ||| DRINKING 2 fizzy clear potions.
  1010 | D:1      | 1010 ||| DROPPING scroll of poison.
  1034 | D:1      | Found a shimmering blue altar of Sif Muna.
  1042 | D:1      | 1042 ||| DROPPING potion of attraction.
  1576 | D:2      | Reached XP level 4. HP: 36/36 MP: 4/4
  1979 | D:2      | 1979 ||| UPGRADING to +0 ring mail.
  1989 | D:2      | 1989 ||| DROPPING +0 robe.
  1990 | D:2      | 1990 ||| READING scroll labelled KOJ TUBIEDEUSM.
  1991 | D:2      | 1991 ||| READING scroll labelled KAICLEUQYI.
  1992 | D:2      | 1992 ||| READING 2 scrolls of identify.
  1992 | D:2      | 1992 ||| IDENTIFYING metallic blue potion
  1993 | D:2      | 1993 ||| DROPPING potion of degeneration.
  2208 | D:3      | 2208 ||| READING scroll of enchant weapon.
  2208 | D:3      | 2208 ||| ENCHANTING +2 sling of freezing.
  2751 | D:3      | Reached XP level 5. HP: 30/41 MP: 5/5
  2758 | D:3      | 2758 ||| FLEEEEING.
  2895 | D:3      | 2895 ||| UPGRADING to +1 pair of gloves.
  2900 | D:3      | 2900 ||| UPGRADING to +2 cloak.
  2905 | D:3      | 2905 ||| READING 5 scrolls of identify.
  2905 | D:3      | 2905 ||| IDENTIFYING black potion
  2906 | D:3      | 2906 ||| READING 4 scrolls of identify.
  2906 | D:3      | 2906 ||| IDENTIFYING viscous inky potion
  2907 | D:3      | 2907 ||| READING 3 scrolls of identify.
  2907 | D:3      | 2907 ||| IDENTIFYING sapphire potion
  2908 | D:3      | 2908 ||| DROPPING potion of ambrosia.
  2982 | D:4      | Noticed Sigmund
  2987 | D:4      | Killed Sigmund
  2988 | D:4      | Reached XP level 6. HP: 44/56 MP: 6/6
  3046 | D:4      | Noticed Natasha
  3053 | D:4      | Killed Natasha
  3269 | D:4      | Noticed Edmund
  3283 | D:4      | HP: 14/56 [Edmund/+1 heavy flail (12)]
  3284 | D:4      | 3284 ||| READING scroll of teleportation.
  3301 | D:4      | HP: 3/56 [Edmund/+1 heavy flail (10)]
  3302 | D:4      | Mangled by Edmund

Levels and vault maps discovered:
D:1:      dpeg_arrival_lava_altar, layout_basic,
          hellmonk_ecumenical_altar_lost_god
D:2:      layout_basic
D:3:      layout_basic, minivault_11
D:4:      layout_loops_corners, mainiacjoe_overflow_six_doors_small,
          minmay_misc_feat_more_columns, uniq_edmund, uniq_natasha,
          uniq_sigmund, uniq_menkaure

Skill      XL: |  1  2  3  4  5 |
---------------+----------------+-----
Ranged Weapons | 3 4 5 |  5.3
Fighting       | 2 5 |  5.3
Armour         | 2 |  2.1
Dodging        | |  2.1
Spellcasting   | |  1.0
Hexes          | |  2.0

Action                     |  1- 3 |  4- 6 || total
---------------------------+-------+-------++-------
   Fire: Sling             |   110 |    77 ||   187
    Use: Scroll            |     4 |     8 ||    12
         Potion            |     1 |       ||     1
 Armour: Robe              |     7 |       ||     7
         Ring mail         |       |     5 ||     5
  Dodge: Dodged            |    26 |    15 ||    41

Table legend:
 A = Non-vault XP
 B = Vault XP
 C = Vault XP percentage of total XP
 D = Non-vault monster count
 E = Vault monster count
 F = Vault count percentage of total count
                 A         B        C        D         E       F
            +---------+---------+-------+---------+---------+-------
      Total |     243 |     274 |  53.0 |      63 |       2 |   3.1
            +---------+---------+-------+---------+---------+-------
        D:1 |      45 |       0 |   0.0 |      26 |       0 |   0.0
        D:2 |      67 |       0 |   0.0 |      14 |       0 |   0.0
        D:3 |     127 |       0 |   0.0 |      22 |       0 |   0.0
        D:4 |       4 |     274 |  98.6 |       1 |       2 |  66.7
            +---------+---------+-------+---------+---------+-------
